AoeStats
← Lucasavend

Arena

510724365Analyzed
4v4 RM · 17h ago on Oct 2, 2026· 49m 13s· 8 players
Game mode
Random Map
Map size
Large (8 player)
Population
200
Speed
Normal
Resources
Standard
Victory
Conquest
Starting age
Dark Age
Ending age
Imperial Age
RankedLock teamsTeams togetherTeam positionsShared explorationLock speedFull tech treeHidden civsTurbo modeCheats
Victory
Defeat
🇹🇷 Gurjaras · Türkiye
828
+12
🇨🇳 Poles · China
815
+12
🇨🇳 Chinese · China
765
+32
🇺🇸 Tatars · United States
582
+36
🇧🇷 Danes · Brazil
826
-19
🇦🇷 Celts · Argentina
751
-16
🇦🇷 Berbers · Argentina
663
-12
🇮🇳 Persians · India
662
-12
Lucasavend
0:46 Loom
13:22 Feudal Age
15:36 Wheelbarrow
15:11 Double-Bit Axe
15:12 Horse Collar
24:06 Castle Age
22:06 Town Watch
22:18 Gold Mining
22:30 Stone Mining
25:44 Hand Cart
25:45 Bow Saw
26:22 Heavy Plow
27:05 Stone Shaft Mining
27:14 Gold Shaft Mining
32:42 Imperial Age
32:12 Caravan
35:26 Crop Rotation
39:09 Kasbah
39:31 Conscription
39:49 Hoardings
41:07 Husbandry
41:19 Bloodlines
42:22 Fletching
42:44 Forging
42:41 Scale Barding Armor
43:05 Ballistics
43:29 Fortified Wall
43:57 Murder Holes
45:21 Light Cavalry
46:41 Bodkin Arrow
48:00 Chain Barding Armor
48:18 Iron Casting
Will Rossi
10:36 Feudal Age
12:38 Horse Collar
12:45 Double-Bit Axe
12:51 Gold Mining
13:12 Stone Mining
13:20 Loom
22:41 Castle Age
20:33 Arson
21:20 Forging
21:43 Scale Mail Armor
24:43 Bow Saw
25:18 Wheelbarrow
24:56 Squires
25:00 Heavy Plow
25:37 Gold Shaft Mining
25:41 Iron Casting
27:34 Stone Shaft Mining
28:21 Chain Mail Armor
33:50 Imperial Age
31:13 Town Watch
31:47 Fervor
35:20 Gambesons
36:38 Blast Furnace
36:09 Plate Mail Armor
38:43 Murder Holes
XzorNEFFEX
11:13 Feudal Age
15:36 Double-Bit Axe
22:54 Castle Age
24:37 Bow Saw
26:53 Wheelbarrow
26:19 Stone Mining
26:20 Gold Mining
30:30 Hand Cart
31:37 Kamandaran
31:01 Crossbowman
33:27 Gold Shaft Mining
33:28 Stone Shaft Mining
35:32 Imperial Age
33:05 Horse Collar
34:44 Thumb Ring
34:45 Padded Archer Armor
34:36 Fletching
34:57 Forging
38:42 Iron Casting
38:08 Scale Mail Armor
38:23 Leather Archer Armor
38:05 Bodkin Arrow
40:39 Blast Furnace
39:34 Elite War Elephant
42:23 Chemistry
42:24 Chain Mail Armor
43:16 Ring Archer Armor
Nahue
4:18 Loom
9:58 Feudal Age
10:46 Double-Bit Axe
10:43 Horse Collar
19:18 Castle Age
18:03 Stone Mining
25:07 Heavy Plow
25:40 Bow Saw
28:04 Gold Mining
30:35 Gold Shaft Mining
MeMaT!
12:45 Feudal Age
16:49 Castle Age
15:04 Horse Collar
15:25 Double-Bit Axe
15:47 Stone Mining
18:31 Heavy Plow
20:30 Gold Mining
23:17 Wheelbarrow
24:25 Husbandry
24:38 Scale Barding Armor
25:16 Bow Saw
25:28 Arson
26:45 Hand Cart
27:54 Gold Shaft Mining
28:01 Stone Shaft Mining
28:54 Forging
29:52 Kshatriyas
31:18 Iron Casting
31:12 Chain Barding Armor
35:44 Imperial Age
33:18 Scale Mail Armor
33:22 Padded Archer Armor
33:12 Fletching
34:57 Coinage
34:28 Caravan
37:26 Crop Rotation
37:55 Plate Barding Armor
36:47 Elite Shrivamsha Rider
38:48 Ballistics
39:00 Elite Chakram Thrower
41:26 Banking
40:49 Town Watch
40:49 Loom
41:05 Bodkin Arrow
41:25 Leather Archer Armor
41:21 Heavy Camel Rider
新小白
1:50 Loom
13:59 Feudal Age
15:22 Wheelbarrow
15:58 Town Watch
19:25 Horse Collar
20:58 Gold Mining
22:00 Arson
22:07 Man-at-Arms
23:55 Stone Mining
24:58 Double-Bit Axe
33:13 Castle Age
32:55 Scale Barding Armor
32:51 Padded Archer Armor
32:51 Scale Mail Armor
33:04 Forging
32:44 Fletching
33:57 Heavy Plow
34:12 Bow Saw
34:59 Hand Cart
36:11 Thumb Ring
36:03 Elite Skirmisher
36:51 Husbandry
41:05 Great Wall
44:45 Gold Shaft Mining
44:49 Stone Shaft Mining
47:23 Imperial Age
44:58 Town Patrol
45:27 Leather Archer Armor
45:14 Bodkin Arrow
45:49 Chain Mail Armor
48:09 Sappers
49:04 Conscription
妍芸
11:11 Feudal Age
15:34 Castle Age
13:35 Double-Bit Axe
18:28 Wheelbarrow
19:50 Horse Collar
21:48 Forging
23:09 Gold Mining
23:54 Szlachta Privileges
24:14 Bow Saw
24:29 Scale Barding Armor
24:55 Bloodlines
25:45 Husbandry
27:21 Hand Cart
28:07 Stone Mining
31:02 Imperial Age
31:24 Squires
31:48 Chain Barding Armor
32:04 Iron Casting
31:31 Heavy Plow
31:19 Cavalier
34:07 Conscription
34:51 Blast Furnace
39:30 Treadmill Crane
ShrimpBro
Connection lost

Rejoining the realm…

Still unreachable

The connection could not be restored.

Session expired

The server has moved on; the page needs a fresh start.